Map: Emerald City LE

Players

qqq

  • Race: Zerg Zerg
  • Spawn Location: 11:00

Massa

  • Race: Terran Terran
  • League: Gold
  • Spawn Location: 11:00

BlackTemplar - Winner!

  • Race: Terran Terran
  • Spawn Location: 5:00

Kratos - Winner!

  • Race: Protoss Protoss
  • League: Platinum
  • Spawn Location: 5:00

VOD

Have the link to the VOD?

Description

Time

  • Played on: June 27, 2020, 6:21 a.m.
  • Length: 17:18
Show
View Real Time Build Order
Export as new Build Order

qqq Zerg 

Build Orders: Hatch First, Lurkers 

Get SALT Encoding   

  12  0:03  Drone  
  13  0:34  Hatchery  
  12  0:38  Drone  
  12  0:39  Drone  
  14  0:52  Overlord  
  14  1:06  Spawning Pool  
  13  1:18  Extractor, Drone x2  
  13  1:19  Drone  
  15  1:32  Drone  
  16  1:40  Drone  
  16  1:46  Drone  
  18  1:58  Queen  
  18  1:59  Drone  
  21  2:04  Drone x2  
  23  2:11  Drone  
  24  2:18  Drone  
  24  2:19  Roach Warren  
  24  2:20  Drone  
  25  2:34  Drone  
  26  2:40  Metabolic Boost  
  26  2:43  Zergling x4  
  28  2:47  Overlord  
  28  2:54  Spine Crawler  
  28  2:56  Drone  
  28  3:03  Drone, Spine Crawler  
  28  3:06  Overlord  
  28  3:10  Overlord  
  28  3:14  Drone  
  28  3:15  Drone  
  30  3:23  Drone  
  30  3:27  Lair  
  31  3:37  Drone  
  32  3:48  Drone  
  32  3:52  Spine Crawler  
  32  4:03  Spine Crawler  
  32  4:08  Drone x2  
  33  4:10  Drone x3  
  33  4:12  Extractor  
  35  4:19  Spore Crawler  
  35  4:22  Drone, Spore Crawler  
  34  4:24  Drone x3  
  34  4:25  Drone  
  38  4:33  Drone  
  39  4:46  Drone  
  40  4:54  Drone x2  
  40  4:55  Hydralisk Den  
  41  5:03  Drone  
  41  5:04  Drone x2, Evolution Chamber  
  43  5:09  Spore Crawler  
  42  5:25  Hydralisk x2  
  42  5:27  Hydralisk x2  
  50  5:35  Lurker Den  
  49  5:38  Zergling x4  
  49  5:39  Zergling x2  
  50  6:09  Hatchery  
  45  6:12  Hydralisk x3  
  45  6:14  Hatchery, Hydralisk  
  45  6:15  Overlord x2  
  49  6:34  Hydralisk x2  
  49  6:35  Hydralisk  
  55  6:40  Lurker  
  56  6:52  Drone x2  
  58  6:56  Extractor  
  58  6:58  Lurker  
  58  7:00  Zergling x6  
  60  7:27  Spine Crawler  
  59  7:30  Hydralisk x2  
  59  7:31  Hydralisk  
  59  7:32  Drone x2  
  59  7:33  Drone x4  
  71  7:38  Extractor  
  71  7:43  Drone x2  
  72  7:47  Hydralisk  
  74  8:06  Lurker x2  
  74  8:09  Drone x4  
  74  8:11  Spore Crawler  
  74  8:12  Overlord x2  
  79  8:14  Drone  
  80  8:23  Overlord  
  80  8:25  Hatchery  
  80  8:26  Grooved Spines  
  79  8:30  Infestation Pit  
  78  8:34  Zerg Missile Weapons Level 1  
  78  8:47  Drone  
  78  8:48  Drone x8  
  84  8:50  Hydralisk x2  
  84  8:51  Hydralisk  
  93  8:56  Spine Crawler  
  93  8:59  Spore Crawler  
  91  9:05  Drone x3  
  91  9:06  Hydralisk  
  96  9:16  Extractor, Spine Crawler  
  94  9:22  Hydralisk x3  
  100  9:26  Lurker  
  101  9:38  Muscular Augments  
  99  10:09  Spore Crawler  
  99  10:10  Spore Crawler  
  99  10:12  Drone  
  99  10:13  Drone x2, Spore Crawler  
  99  10:23  Lurker x2  
  99  10:26  Hydralisk x4  
  99  10:27  Zergling x2  
  99  10:28  Overlord  
  110  10:30  Overlord x5  
  110  10:37  Extractor  
  109  10:55  Lurker x3  
  112  10:59  Drone x4  
  112  11:00  Drone x4  
  120  11:09  Hive  
  117  11:11  Hatchery  
  117  11:17  Hatchery, Glial Reconstitution  
  112  11:20  Roach x3  
  112  11:21  Roach x3  
  112  11:22  Drone x5  
  112  11:23  Drone  
  112  11:25  Spore Crawler  
  129  11:27  Spore Crawler  
  128  11:53  Hydralisk x2  
  132  11:54  Roach  
  132  11:55  Drone, Roach x3  
  132  11:56  Drone x7  
  132  11:57  Drone  
  132  12:00  Extractor  
  148  12:01  Zerg Melee Weapons Level 1  
  148  12:07  Drone, Evolution Chamber  
  148  12:09  Roach  
  148  12:10  Drone x3  
  153  12:19  Spore Crawler  
  153  12:20  Spine Crawler  
  153  12:21  Drone  
  153  12:22  Drone x2, Spine Crawler  
  153  12:26  Spine Crawler  
  153  12:28  Spine Crawler  
  151  12:42  Drone x4  
  151  12:43  Drone, Hydralisk  
  151  12:44  Hydralisk x5  
  168  12:52  Ultralisk Cavern  
  168  12:54  Zerg Ground Armor Level 1  
  167  13:00  Zergling x6  
  167  13:01  Overlord x3  
  167  13:02  Overlord x2  
  167  13:03  Hatchery  
  169  13:17  Drone  
  169  13:18  Overlord x2  
  169  13:19  Spire  
  165  13:45  Hydralisk x2  
  165  13:46  Hydralisk x8  
  165  13:47  Hydralisk x2  
  185  13:52  Overseer  
  185  13:54  Overseer  
  185  13:55  Pneumatized Carapace, Zerg Missile Weapons Level 2  
  182  14:00  Hydralisk x3  
  182  14:01  Hydralisk x3  
  182  14:02  Hydralisk x3  
  200  14:11  Adaptive Talons  
  133  14:24  Zergling x2  
  133  14:25  Zergling x14  
  133  14:27  Roach x7  
  133  14:28  Roach x2  
  129  14:44  Ultralisk  
  131  14:49  Extractor  
  123  14:57  Zergling x6  
  123  14:58  Zergling x4, Roach x2  
  123  14:59  Roach x4  
  127  15:03  Chitinous Plating  
  116  15:08  Seismic Spines  
  116  15:12  Spore Crawler  
  116  15:13  Spine Crawler  
  95  15:14  Spine Crawler  
  95  15:15  Spore Crawler  
  83  15:38  Corruptor x3  
  83  15:40  Zergling x8  
  83  15:41  Zergling x10  
  83  15:42  Drone x3  
  98  15:45  Drone  
  98  15:46  Drone x2  
  98  15:49  Spore Crawler  
  100  15:51  Spore Crawler  
  76  15:59  Hatchery  
  76  16:00  Corruptor x2  
  74  16:18  Hydralisk x2  
  65  16:22  Anabolic Synthesis  
  48  16:42  Hydralisk  
  48  16:44  Drone x4  
  48  16:45  Drone x2  
  54  16:54  Zergling x12  
Show
View Real Time Build Order
Export as new Build Order

Massa Terran 

Build Orders:  

Get SALT Encoding   

  12  0:09  SCV  
  13  0:18  Supply Depot  
  14  0:21  SCV  
  14  0:33  SCV  
  15  0:41  Barracks  
  15  0:45  SCV  
  16  0:57  SCV  
  17  1:10  SCV  
  18  1:13  Refinery  
  18  1:22  SCV  
  19  1:28  Marine  
  20  1:46  Marine  
  20  1:47  SCV, Command Center  
  22  1:59  SCV  
  23  2:17  Supply Depot  
  23  2:19  Orbital Command  
  23  2:20  Supply Depot  
  23  2:38  Marine  
  24  2:45  Barracks  
  24  2:56  Marine  
  25  3:01  Supply Depot  
  25  3:08  SCV x2  
  27  3:14  Marine  
  27  3:17  Supply Depot  
  28  3:20  SCV  
  28  3:24  Factory  
  29  3:31  Marine  
  29  3:32  SCV  
  31  3:35  Barracks Tech Lab  
  31  3:39  SCV  
  31  3:40  Refinery  
  32  3:44  SCV  
  33  3:54  SCV  
  34  3:56  SCV  
  34  3:58  Barracks  
  35  4:05  Marauder  
  35  4:06  Marine  
  35  4:08  Stimpack  
  35  4:09  Factory Tech Lab  
  38  4:23  Marine, Engineering Bay  
  39  4:27  Marauder, Supply Depot  
  39  4:31  Orbital Command  
  41  4:32  SCV  
  41  4:33  Siege Tank  
  45  4:41  Marine  
  45  4:44  SCV  
  47  4:48  Marauder  
  47  4:51  Missile Turret  
  49  4:57  Missile Turret  
  49  5:00  Missile Turret  
  49  5:02  SCV x2  
  51  5:12  Missile Turret  
  51  5:14  SCV  
  52  5:19  Siege Tank  
  50  5:41  Marauder, Marine x2  
  54  5:59  Marine  
  54  6:02  Marauder  
  46  6:08  Marine  
  44  6:17  Marine  
  33  6:23  Marauder  
  26  6:25  Marine  
  26  6:32  Barracks  
  27  6:35  Marine  
  28  6:44  SCV  
  28  6:45  Marauder  
  31  6:48  Command Center  
  31  6:56  SCV  
  32  7:03  Marine  
  32  7:04  Marine  
  32  7:06  Marauder  
  35  7:09  SCV  
  33  7:21  Marine x2  
  35  7:27  Marauder  
  37  7:32  SCV  
  38  7:39  Marine x2  
  38  7:42  Widow Mine  
  42  7:44  SCV  
  42  7:45  Refinery  
  42  7:49  Marauder  
  45  7:56  SCV  
  45  7:57  Marine  
  47  8:07  Engineering Bay  
  47  8:08  SCV  
  47  8:10  Marauder  
  50  8:20  SCV  
  51  8:30  Barracks Tech Lab  
  51  8:31  Marine, Command Center  
  51  8:32  Marauder  
  54  8:36  SCV  
  54  8:41  Refinery  
  55  8:47  Missile Turret  
  55  8:49  SCV  
  55  8:50  SCV  
  55  8:53  Marauder  
  59  9:01  SCV  
  59  9:02  SCV, Missile Turret  
  61  9:06  Missile Turret  
  61  9:08  Missile Turret  
  61  9:13  Barracks Reactor, SCV  
  62  9:20  Supply Depot  
  62  9:24  Supply Depot  
  62  9:27  Orbital Command, Missile Turret  
  62  9:38  Infernal Pre-Igniter  
  62  9:42  SCV, Marauder  
  62  9:45  Widow Mine  
  67  9:58  Factory  
  67  10:04  SCV x2  
  67  10:07  Widow Mine  
  71  10:16  SCV x2  
  73  10:28  SCV x2  
  74  10:29  Siege Tank  
  78  10:40  SCV  
  78  10:41  SCV  
  80  10:49  Planetary Fortress  
  80  10:52  SCV  
  80  10:53  SCV  
  80  10:56  Missile Turret  
  80  11:04  SCV  
  80  11:05  SCV  
  80  11:09  Refinery  
  82  11:11  Marauder  
  82  11:12  Marauder  
  82  11:13  Marine x3  
  82  11:16  SCV  
  82  11:17  SCV, Missile Turret  
  91  11:24  Factory Reactor  
  91  11:26  Widow Mine  
  93  11:33  Refinery  
  93  11:37  Missile Turret, Supply Depot  
  93  11:41  Terran Infantry Weapons Level 1  
  93  11:46  Concussive Shells  
  93  11:57  Missile Turret  
  93  11:59  SCV x2, Marauder, Marine x3  
  100  12:01  Supply Depot  
  100  12:13  Sensor Tower  
  100  12:16  Marine  
  101  12:22  Marine  
  101  12:23  SCV x3, Marauder  
  101  12:25  Supply Depot  
  101  12:28  Supply Depot  
  101  12:29  Supply Depot  
  107  12:30  Supply Depot  
  107  12:35  SCV x2  
  109  12:47  SCV x2, Hellion x2, Marauder  
  109  12:48  Supply Depot  
  109  12:49  SCV, Command Center  
  118  12:51  Supply Depot  
  118  12:55  Supply Depot  
  118  12:59  SCV  
  119  13:08  Hellion x2  
  119  13:10  Missile Turret  
  119  13:11  Supply Depot  
  123  13:15  Missile Turret  
  123  13:18  Missile Turret  
  123  13:25  Missile Turret x2  
  123  13:30  Hellion x2, Marauder x2  
  123  13:32  Missile Turret, Combat Shield  
  131  13:34  Marine  
  131  13:37  Missile Turret  
  131  13:39  Missile Turret  
  132  13:47  Missile Turret x2  
  132  13:51  Marauder x2  
  132  14:00  Marine  
  133  14:03  Siege Tank  
  133  14:05  Hellion x2  
  133  14:07  Missile Turret x2  
  140  14:13  Marauder x2, Missile Turret  
  140  14:15  Missile Turret  
  128  14:31  Marine x3  
  83  14:34  Marauder x2  
  83  14:35  Widow Mine x2, Siege Tank  
  82  14:46  SCV  
  82  14:47  SCV x2  
  82  14:48  Command Center  
  82  14:49  Marine x3  
  86  14:55  Marauder  
  86  14:56  Marauder  
  86  14:57  Widow Mine  
  86  14:58  SCV  
  86  14:59  SCV  
  94  15:07  Siege Tank  
  97  15:16  SCV x2  
  97  15:17  SCV, Marauder  
  102  15:23  Terran Infantry Armor Level 1  
  102  15:24  Marine x4  
  106  15:28  SCV  
  106  15:29  SCV x2  
  107  15:38  Marine  
  107  15:40  SCV  
  107  15:41  SCV  
  107  15:42  Marine x4  
  110  15:53  Cyclone  
  110  15:55  Widow Mine x2, Marine  
  118  15:59  Marine  
  118  16:00  Marine x2  
  108  16:13  Marine  
  108  16:17  Widow Mine x2, Marine  
  108  16:18  Marine x2  
  110  16:25  Cyclone  
  106  16:35  Marine x2  
  106  16:38  Widow Mine  
  102  16:43  Missile Turret  
  95  16:53  Marine x2  
  89  17:04  Missile Turret  
  89  17:07  Missile Turret  
  62  17:14  Missile Turret  
Show
View Real Time Build Order
Export as new Build Order

BlackTemplar Terran - Winner!

Build Orders:  

Get SALT Encoding   

  12  0:02  SCV  
  13  0:14  SCV  
  13  0:20  Supply Depot  
  14  0:27  SCV  
  15  0:30  Refinery  
  15  0:41  SCV  
  16  0:45  Barracks  
  16  1:02  SCV  
  17  1:09  Refinery  
  17  1:14  SCV  
  18  1:26  SCV  
  19  1:37  Marine  
  19  1:39  Orbital Command  
  20  1:44  Factory  
  20  1:58  Marine, Supply Depot  
  21  2:15  Marine  
  22  2:28  Factory Tech Lab  
  22  2:30  Starport  
  22  2:33  SCV  
  22  2:35  Marine  
  24  2:48  Siege Tank  
  24  2:49  SCV  
  28  3:06  Command Center  
  28  3:12  Medivac  
  30  3:31  Supply Depot  
  30  3:38  SCV  
  31  3:52  Marine  
  31  3:53  SCV, Medivac, Siege Tank  
  31  3:54  Supply Depot  
  38  4:05  SCV  
  39  4:10  Engineering Bay  
  39  4:17  SCV, Supply Depot  
  39  4:21  Orbital Command  
  40  4:27  Marine  
  41  4:34  Siege Tank  
  44  4:45  Marine  
  45  4:50  SCV x2  
  45  4:51  Bunker  
  47  4:57  Medivac  
  49  5:02  SCV, Marine  
  49  5:34  Marine  
  50  5:36  Liberator, Siege Tank  
  56  5:52  Marine  
  57  6:10  Marine  
  54  6:28  Marine  
  54  6:30  Siege Tank  
  54  6:31  Medivac  
  58  7:00  Refinery x2  
  58  7:02  Starport Tech Lab  
  58  7:07  Starport  
  58  7:10  SCV x2  
  58  7:14  Starport  
  58  7:15  Fusion Core  
  55  7:22  SCV x2  
  57  7:34  SCV  
  57  7:35  SCV  
  57  7:37  Siege Tank  
  62  7:39  Liberator  
  65  7:46  SCV  
  65  7:47  SCV  
  65  7:48  Supply Depot  
  65  7:51  Supply Depot x2  
  67  7:53  Supply Depot  
  67  7:55  Command Center  
  67  7:59  SCV x2  
  67  8:02  Missile Turret  
  69  8:11  SCV x2, Missile Turret  
  69  8:12  Starport Tech Lab  
  71  8:13  Starport Tech Lab  
  71  8:23  SCV x2  
  73  8:27  Supply Depot  
  73  8:31  Supply Depot  
  73  8:35  SCV x2  
  73  8:37  Armory  
  75  8:47  SCV x2  
  77  8:59  SCV x2  
  79  9:25  SCV  
  79  9:27  Orbital Command  
  86  10:07  Battlecruiser  
  86  10:12  Battlecruiser x2  
  98  10:17  Orbital Command  
  98  10:25  Supply Depot  
  98  10:26  Supply Depot  
  98  10:47  Supply Depot  
  98  10:48  Supply Depot  
  98  10:50  Supply Depot  
  98  10:51  Supply Depot x2  
  98  10:56  Marine  
  99  10:59  Hellion  
  99  11:01  Command Center  
  106  11:11  Battlecruiser  
  106  11:13  Marine  
  106  11:16  Battlecruiser x2  
  119  11:20  Hellion  
  121  11:31  Marine  
  122  11:40  Sensor Tower  
  122  11:41  Hellion  
  122  11:46  Infernal Pre-Igniter  
  124  11:48  Terran Vehicle And Ship Armor Level 1  
  124  11:54  Command Center  
  124  11:58  Armory  
  124  12:02  Refinery  
  124  12:03  Hellion  
  124  12:04  Refinery, Missile Turret  
  124  12:06  Missile Turret  
  126  12:10  Missile Turret  
  126  12:14  SCV x2  
  134  12:15  Battlecruiser  
  134  12:23  Battlecruiser  
  134  12:24  Hellion  
  142  12:33  SCV  
  142  12:34  SCV  
  144  12:45  Thor  
  144  12:49  Terran Ship Weapons Level 1  
  150  12:57  Battlecruiser  
  156  13:13  Supply Depot x2  
  156  13:15  Supply Depot  
  156  13:29  Battlecruiser  
  162  14:01  Weapon Refit  
  162  14:02  SCV x2  
  164  14:05  Battlecruiser x2  
  162  14:44  Planetary Fortress  
  158  15:45  Battlecruiser  
  158  15:46  Battlecruiser x2  
  176  16:17  Marine  
Show
View Real Time Build Order
Export as new Build Order

Kratos Protoss - Winner!

Build Orders: Oracle Opening, Carriers 

Get SALT Encoding   

  12  0:01  Probe  
  13  0:13  Probe  
  14  0:18  Pylon  
  14  0:25  Probe  
  15  0:36  Gateway  
  15  0:39  Probe  
  16  0:51  Probe  
  17  1:01  Assimilator  
  17  1:03  Probe, Assimilator  
  18  1:11  Probe  
  19  1:19  Probe  
  19  1:25  Cybernetics Core  
  20  1:29  Probe  
  21  1:35  Pylon  
  21  1:42  Probe  
  22  1:54  Probe  
  23  2:05  Stargate  
  23  2:06  Probe  
  23  2:18  Probe  
  24  2:30  Probe  
  25  2:49  Nexus  
  25  2:50  Oracle, Pylon  
  28  2:53  Forge  
  28  3:01  Pylon  
  28  3:19  Stargate  
  28  3:25  Probe  
  29  3:27  Oracle  
  32  3:37  Probe  
  32  3:38  Pylon  
  33  3:49  Probe  
  34  3:59  Oracle  
  34  4:01  Probe, Assimilator  
  38  4:14  Oracle  
  41  4:26  Probe x2  
  41  4:31  Assimilator  
  43  4:38  Probe  
  43  4:40  Probe  
  43  4:45  Photon Cannon  
  45  4:47  Photon Cannon  
  45  4:48  Shield Battery  
  45  4:50  Shield Battery  
  45  4:52  Probe  
  46  4:54  Probe  
  47  5:08  Fleet Beacon  
  47  5:10  Probe  
  45  5:44  Probe x2  
  47  5:56  Probe x2  
  49  6:08  Probe x2  
  51  6:20  Probe  
  51  6:21  Carrier x2  
  52  6:28  Probe  
  52  6:32  Probe  
  66  6:36  Protoss Air Weapons Level 1  
  66  6:41  Probe, Stargate  
  66  6:44  Probe, Stargate  
  66  6:45  Stargate  
  68  6:53  Probe  
  69  6:54  Nexus  
  69  6:55  Pylon  
  69  6:57  Probe  
  69  6:58  Pylon  
  70  7:06  Pylon  
  70  7:07  Pylon  
  67  7:32  Void Ray x2  
  67  7:33  Void Ray  
  67  7:34  Void Ray  
  83  7:38  Protoss Shields Level 1  
  83  7:43  Probe x2  
  85  7:55  Probe x2  
  85  7:56  Photon Cannon  
  87  7:58  Photon Cannon  
  87  7:59  Shield Battery  
  87  8:01  Shield Battery  
  87  8:14  Probe  
  87  8:15  Probe  
  87  8:17  Assimilator  
  89  8:21  Assimilator  
  89  8:22  Tempest  
  89  8:24  Tempest  
  99  8:31  Robotics Facility  
  99  8:38  Robotics Facility  
  100  8:48  Probe  
  100  9:06  Nexus  
  100  9:07  Pylon x2  
  100  9:08  Pylon  
  100  9:10  Pylon  
  100  9:12  Assimilator  
  100  9:16  Assimilator  
  100  9:24  Carrier  
  100  9:28  Mothership  
  114  9:43  Protoss Ground Weapons Level 1  
  114  9:53  Robotics Bay  
  114  9:58  Twilight Council  
  114  10:02  Pylon  
  114  10:03  Pylon  
  114  10:05  Carrier  
  120  10:10  Observer  
  120  10:11  Observer, Probe x2  
  124  10:23  Probe x2  
  124  10:25  Probe, Photon Cannon  
  124  10:26  Photon Cannon  
  126  10:29  Photon Cannon  
  126  10:30  Photon Cannon  
  126  10:35  Probe x2  
  129  10:40  Protoss Air Weapons Level 2  
  129  10:41  Cybernetics Core  
  129  10:44  Void Ray  
  129  10:49  Tempest  
  138  10:56  Void Ray  
  142  11:06  Colossus x2  
  154  11:24  Probe x2  
  154  11:25  Probe x2  
  158  11:30  Shield Battery  
  158  11:32  Shield Battery  
  158  11:36  Probe, Shield Battery  
  158  11:39  Probe x2  
  161  11:40  Shield Battery  
  161  11:41  Probe, Shield Battery  
  162  11:51  Colossus  
  162  11:55  Colossus  
  162  12:07  Pylon, Nexus  
  173  12:29  Pylon  
  173  12:30  Pylon  
  173  12:35  Photon Cannon  
  173  12:36  Colossus  
  173  12:37  Photon Cannon  
  173  12:40  Photon Cannon  
  173  12:42  Colossus, Photon Cannon  
  173  12:46  Protoss Ground Weapons Level 2  
  185  12:56  Protoss Air Armor Level 1  
  182  14:04  Carrier x2  
  191  15:08  Nexus  
  191  15:09  Pylon  
  191  15:10  Pylon  
  191  15:15  Pylon  
  191  15:27  Carrier  
Tags
 
Add a new tag
Caveats
  • Supply blocks, unpowered buildings, or Contaminate may cause inaccurate times.
  • Supply counts are checked every 10 seconds.